 Dungeon Crawl Stone Soup version 0.18-a0-1805-g8ab820f (webtiles) character file.

154 varam the Shield-Bearer (level 5, 32/33 HPs)
             Began as a Gargoyle Fighter on Apr 26, 2016.
             Quit the game on level 3 of the Dungeon.
             The game lasted 00:05:43 (2115 turns).

varam the Shield-Bearer (Gargoyle Fighter)          Turns: 2115, Time: 00:05:44

Health: 32/33      AC: 12    Str: 21    XL:     5   Next: 36%
Magic:  5/5        EV:  8    Int:  8    God:
Gold:   76         SH:  9    Dex:  9    Spells: 0 memorised, 4 levels left

rFire  . . .     SeeInvis .     q - -2 spear (curse)
rCold  . . .     Gourm    .     b - +0 scale mail
rNeg   + . .     Faith    .     c - +0 shield
rPois  ∞         Spirit   .     (no helmet)
rElec  +         Dismiss  .     (no cloak)
rCorr  .         Reflect  .     (no gloves)
SustAt .         Harm     .     h - +0 pair of boots (curse)
MR     .....                    (no amulet)
Stlth  ..........               (no ring)
                                (no ring)

@: not resistant to hostile enchantments, extremely unstealthy
A: negative energy resistance 1, electricity resistance, unbreathing,
petrification resistance, rot immunity, AC +4
a: no special abilities


You were on level 3 of the Dungeon.
You were not hungry.

You visited 1 branch of the dungeon, and saw 3 of its levels.

You collected 76 gold pieces.

Inventory:

Hand Weapons
 a - a +0 flail
 p - a +1 short sword of holy wrath
 q - a cursed -2 spear (weapon)
Armour
 b - a +0 scale mail (worn)
 c - a +0 shield (worn)
 h - a cursed +0 pair of boots (worn)
Scrolls
 e - a scroll of magic mapping
 k - a scroll of identify
 l - a scroll of enchant weapon
 m - a scroll of blinking
 o - a scroll of immolation
 r - a scroll of recharging {unknown}
Potions
 d - a potion of might
 g - a potion of cancellation {unknown}
 i - a potion of curing {unknown}
Comestibles
 f - 2 bread rations
 j - 6 fruits
 n - a chunk of flesh


   Skills:
 + Level 4.1 Fighting
 + Level 2.9 Maces & Flails
 + Level 4.0 Armour
 + Level 1.3 Dodging
 - Level 0.5 Stealth
 + Level 4.2 Shields


You had 4 spell levels left.
You didn't know any spells.

Dungeon Overview and Level Annotations

Branches:
Dungeon (3/15)

Altars:
Trog
Vehumet
Zin


Innate Abilities, Weirdness & Mutations

You are resistant to torment.
Your stone body is resilient (AC +4).
You are immune to poison.
You resist negative energy.
You are resistant to electric shocks.
You can survive without breathing.
You are immune to petrification.
You are immune to rotting.


Message History

The adder bites you but does no damage.
You miss the adder.
The adder is almost dead.
The adder closely misses you. The adder bites you but does no damage.
You hit the adder but do no damage.
The adder is almost dead.
The adder closely misses you. The adder bites you but does no damage.
You hit the adder.
You kill the adder!
No target in view!
No target in view!
No target in view!
No target in view!
No target in view!
No target in view!
No target in view!
No target in view!
No target in view!
No target in view!
Are you sure you want to abandon this character and quit the game? (Confirm with "yes".)

#....# ##.# #....## #...##
#.###...##..# ##. #..#.##
#..##.## ##.# #..
#....#..####.##.# #.#####.# #..
#.#..#.#...#....# #....##.##...
..#..#.##.....# ######.##.#....
.
##.#..##.#.#####...###.##.#....
..######....?......##.##.#....
#. #.####@......#..#.#.... #.#
#.......##...#.... #.#
#.......####...... #..
.......## #..#.... #.. ##$....#
#.##.<.. ..# ....%.# #. #....
... ......# #. #.... ....... ..
#.... ## ##...


There were no monsters in sight!

Vanquished Creatures
  Ijyb (D:2)
  A worker ant (D:3)
  4 adders
  An ooze (D:2)
  3 worms
  2 dart slugs (D:1)
  2 giant geckos (D:1)
  An orc (D:3)
  A giant cockroach (D:1)
  4 goblins (D:1)
  6 hobgoblins
  7 jackals (D:1)
  2 ball pythons
  3 bats
  3 giant newts
  3 kobolds
  9 rats
53 creatures vanquished.

Notes
Turn   | Place    | Note
--------------------------------------------------------------
     0 | D:1      | varam the Gargoyle Fighter began the quest for the Orb.
     0 | D:1      | Reached XP level 1. HP: 14/14 MP: 1/1
   340 | D:1      | Reached XP level 2. HP: 18/19 MP: 2/2
   522 | D:1      | Reached XP level 3. HP: 24/24 MP: 3/3
  1205 | D:2      | Noticed Ijyb
  1219 | D:2      | Killed Ijyb
  1219 | D:2      | Reached skill level 1 in Dodging
  1219 | D:2      | Reached XP level 4. HP: 22/29 MP: 4/4
  1300 | D:2      | Found a radiant altar of Vehumet.
  1302 | D:2      | Found a glowing silver altar of Zin.
  1445 | D:2      | Noticed a moth of wrath
  1448 | D:2      | Found a bloodstained altar of Trog.
  1469 | D:2      | Reached XP level 5. HP: 33/33 MP: 5/5
  2115 | D:3      | Quit the game

Vault maps used:
D:1:      minmay_arrival_hallway
D:2:      tgw_trog, nicolae_overflow_hidden_temple, moated_statue, uniq_iyjb
D:3:      minmay_cut_off

Skill      XL: |  1  2  3  4  5 |
---------------+----------------+-----
Dodging        | 1 |  1.3
Shields        | 4 |  4.2
Fighting       | 4 |  4.1
Armour         | 4 |  4.0
Maces & Flails | |  2.9
Stealth        | |  0.5

Action                   |  1- 3 |  4- 6 || total
-------------------------+-------+-------++-------
Melee: Flail             |   136 |    93 ||   229
       Spear             |       |    57 ||    57
  Use: Scroll            |       |     4 ||     4
  Eat: Chunk             |     1 |     2 ||     3
       Pizza             |       |     1 ||     1
Armor: Scale mail        |    78 |    90 ||   168
Dodge: Dodged            |    33 |    80 ||   113
Block: Shield            |    56 |    79 ||   135
